 Dungeon Crawl Stone Soup version 0.29-a0-422-gafbd6decc1 (webtiles) character file.

Game seed: 5467827155839897945

61 xian the Chiller (level 3, 0/25 HPs)
             Began as a Palentonga Ice Elementalist on May 18, 2022.
             Succumbed to an orc's poison
             ... on level 3 of the Dungeon.
             The game lasted 00:05:49 (2047 turns).

xian the Chiller (Palentonga Ice Elementalist)      Turns: 2047, Time: 00:05:49

Health: 0/25       AC:  5    Str: 11    XL:     3   Next: 83%
Magic:  6/7        EV:  9    Int: 17    God:
Gold:   135        SH:  0    Dex: 10    Spells: 5/7 levels left

rFire   . . .      SeeInvis +   l - +0 dagger
rCold   . . .      Faith    .   (no shield)
rNeg    . . .      Spirit   .   a - +0 robe
rPois   .          Reflect  .   (no helmet)
rElec   .          Harm     .   (no cloak)
rCorr   .          Rampage  .   h - +0 pair of gloves
Will    .....                   (no barding)
Stlth   ++........              (no amulet)
HPRegen 0.08/turn               (no ring)
MPRegen 0.10/turn               (no ring)

@: brilliant, lethally poisoned (0 -> -5)
A: large, rugged brown scales 3, see invisible, deformed body, roll 1, armoured
tail
a: Rolling Charge


You were on level 3 of the Dungeon.
You visited 1 branch of the dungeon, and saw 3 of its levels.

You collected 135 gold pieces.

Inventory:

Hand Weapons
 l - a +0 dagger (weapon)
Armour
 a - a +0 robe (worn)
 h - a +0 pair of gloves (worn)
Scrolls
 c - 4 scrolls of identify {unknown}
 d - a scroll of immolation {unknown}
 e - 2 scrolls of fear {unknown}
 f - a scroll of acquirement {unknown}
 k - 2 scrolls of teleportation {unknown}
 m - a scroll of magic mapping {unknown}
Potions
 b - a potion of magic
 i - a potion of haste {unknown}


   Skills:
 + Level 0.3 Fighting
 + Level 0.1 Throwing
 + Level 1.7 Dodging
 + Level 1.5 Stealth
 + Level 0.6 Unarmed Combat
 + Level 2.7 Spellcasting
 + Level 3.8 Ice Magic


You had 5 spell levels left.
You knew the following spells:

 Your Spells              Type           Power      Damage    Failure   Level
a - Freeze                Ice            88%        1d10      3%          1
b - Foxfire               Conj/Fire      12%        2x1d4     19%         1

Your spell library contained the following spells:

 Spells                   Type           Power      Damage    Failure   Level
 Frozen Ramparts          Ice            44%        1d6       12%         3
 Ozocubu's Armour         Ice            22%        N/A       12%         3
 Conjure Flame            Conj/Fire      3%         6-21      47%         3
 Inner Flame              Hex/Fire       3%         N/A       47%         3
 Hailstorm                Conj/Ice       13%        3d5       63%         4
 Flame Wave               Conj/Fire      3%         2d4       87%         4


Dungeon Overview and Level Annotations

Branches:
Dungeon (3/15)

Altars:
Wu Jian


Innate Abilities, Weirdness & Mutations

You are completely covered in rugged brown scales. (AC +3, +7% HP)
You have supernaturally acute eyesight. (SInv)
Armour fits poorly on your strangely shaped body.
You can roll at nearby foes to attack.
You have a long armoured tail.


Message History

There is a stone staircase leading up here.
Throw: 4 darts (poison)
Press: ? - help, Q - select action, (/) - cycle Shift-Dir - straight line, f - orc
Aim: an orc, wielding a +2 short sword of venom and wearing a +0 leather armour (54% to hit)
You throw a poisoned dart. The poisoned dart hits the orc.
You feel sick. The orc barely misses you.
Throw: 3 darts (poison)
Press: ? - help, Q - select action, (/) - cycle Shift-Dir - straight line, f - orc, p - orc
Aim: an orc, wielding a +0 dagger and quivering boomerangs (54% to hit)
You throw a poisoned dart. The poisoned dart hits the orc.
You feel sick.
The orc hits you with a +2 short sword of venom.
* * * LOW HITPOINT WARNING * * *
Throw: 2 darts (poison)
Press: ? - help, Q - select action, (/) - cycle Shift-Dir - straight line, p - orc You throw a poisoned dart.
The poisoned dart barely misses the orc.
The poisoned dart closely misses the orc.
You feel sick. The orc completely misses you.
Throw: dart (poison)
Press: ? - help, Q - select action, (/) - cycle Shift-Dir - straight line, f - orc
Aim: an orc, wielding a +2 short sword of venom and wearing a +0 leather armour (54% to hit)
You throw a poisoned dart. The poisoned dart hits the orc.
The orc is poisoned.
You feel sick. The orc closely misses you.
You feel sick.
You feel sick.
You are no longer poisoned.
Okay, then.
You are too injured to fight recklessly!
Aiming: Freeze (safe; 3% risk of failure)
Press: ? - help, Q - select action, (/) - cycle Shift-Dir - straight line, f/p - orc
Aim: an orc, wielding a +2 short sword of venom and wearing a +0 leather armour (lightly wounded, poisoned)
You freeze the orc.
The orc is moderately wounded.
The orc hits you but does no damage.
You are lethally poisoned!
Okay, then.
It was a potion of brilliance.
You feel clever all of a sudden.
You die... ###.########## .......@oo(.(# #.#.########.# o# o# .# .# .# .#

You could see 2 orcs.

Vanquished Creatures
  Terence (D:2)
  An adder (D:2)
  A worm (D:2)
  A dart slug (D:2)
  2 bats (D:1)
  2 endoplasms (D:1)
  A giant cockroach (D:1)
  2 jackals (D:1)
  A quokka (D:1)
  3 ball pythons (D:1)
  5 frilled lizards (D:1)
  2 goblins (D:1)
  2 kobolds
  A rat (D:2)
25 creatures vanquished.

Notes
Turn   | Place    | Note
-------+----------+-------------------------------------------
     0 | D:1      | xian the Palentonga Ice Elementalist began the quest for
                  | the Orb.
     0 | D:1      | Reached XP level 1. HP: 13/13 MP: 3/3
   539 | D:1      | Reached XP level 2. HP: 19/20 MP: 1/5
  1124 | D:2      | Learned a level 1 spell: Foxfire
  1138 | D:2      | Found a faded altar of an unknown god.
  1419 | D:2      | Found an ornate altar of the Wu Jian Council.
  1431 | D:2      | Noticed Terence
  1444 | D:2      | Killed Terence
  1445 | D:2      | Reached XP level 3. HP: 9/25 MP: 6/6
  2047 | D:3      | Succumbed to an orc's poison

Illustrated notes

Levels and vault maps discovered:
D:1:      giann_forest_graveyard, layout_rooms, minmay_misc_feat_nine_boxes,
          minmay_lizard_pond
D:2:      layout_basic, dreamdust_ecumenical_altar_angels_and_demons,
          basic_altar, serial_park_tiny_1, uniq_terence
D:3:      layout_loops_ring, uniq_crazy_yiuf_cottage, uniq_natasha, uniq_ijyb

Action                   || total
-------------------------++-------
Melee: Unarmed           ||    49
       Tailslap          ||     7
       Dagger            ||    13
Throw: Dart              ||     8
 Cast: Freeze            ||    24
  Use: Potion            ||     1
 Stab: Sleeping          ||     3
Armor: Robe              ||    25
Dodge: Dodged            ||    41

Table legend: (Time is in decaauts)
 A = Elapsed time spent in this place.
 B = Non-inter-level travel time spent in this place.
 C = Inter-level travel time spent in this place.
 D = Time resting spent in this place.
 E = Time spent auto-exploring this place.
 F = Levels seen in this place.
 G = Mean time per level.
                   A        B        C        D        E       F      G
               +--------+--------+--------+--------+--------+-----+--------+
         Total |   2045 |   2019 |     26 |      0 |   1694 |   3 |  681.7 |
       Dungeon |   2045 |   2019 |     26 |      0 |   1694 |   3 |  681.7 |
               +--------+--------+--------+--------+--------+-----+--------+

Top non-repeatable levels by time:
     D:1: 1112 daAuts
     D:2: 922 daAuts
     D:3: 11 daAuts
